AoeStats
← zephyrutia

MegaRandom

506143367Analyzed
2v2 RM · 20d ago on Sep 12, 2026· 81m 44s· 4 players
Game mode
Random Map
Map size
Medium (4 player)
Population
200
Speed
Normal
Resources
Standard
Victory
Conquest
Starting age
Dark Age
Ending age
Imperial Age
RankedLock teamsTeams togetherTeam positionsShared explorationLock speedFull tech treeHidden civsTurbo modeCheats
Victory
Defeat
🇹🇼 Romans · Taiwan
999
+15
🇹🇼 Persians · Taiwan
999
+15
🇳🇵 Vietnamese · Nepal
1000
-48
🇺🇸 Teutons · United States
954
-28
zephyrutia
4:47 Loom
12:15 Feudal Age
16:46 Castle Age
15:17 Double-Bit Axe
15:58 Scale Barding Armor
18:05 Chain Barding Armor
19:11 Forging
19:09 Town Watch
22:41 Iron Casting
27:00 Wheelbarrow
34:18 Scale Mail Armor
38:26 Imperial Age
38:39 Hand Cart
40:00 Town Patrol
39:58 Elite Teutonic Knight
41:47 Bloodlines
43:15 Blast Furnace
42:08 Cavalier
43:32 Chain Mail Armor
43:23 Fletching
44:46 Plate Barding Armor
44:38 Crenellations
44:54 Gambesons
45:10 Squires
44:57 Arson
47:02 Hoardings
49:46 Chemistry
51:32 Plate Mail Armor
51:27 Ironclad
51:32 Ballistics
51:13 Bodkin Arrow
51:12 Arrowslits
51:58 Paladin
57:42 Heavy Scorpion
Blast
6:51 Loom
14:01 Feudal Age
16:06 Double-Bit Axe
16:17 Gold Mining
21:51 Castle Age
20:21 Fletching
21:08 Padded Archer Armor
23:02 Bodkin Arrow
22:41 Crossbowman
25:28 Thumb Ring
33:28 Leather Archer Armor
35:27 Bow Saw
38:25 Imperial Age
38:40 Stone Mining
38:24 Elite Skirmisher
38:30 Arbalester
39:21 Imperial Skirmisher
40:17 Medium Warships
40:43 Ballistics
41:31 Bracer
41:46 Caravan
43:11 Heavy Warships
43:29 Paper Money
43:41 Elite Rattan Archer
46:11 Chemistry
47:02 Hoardings
52:32 Elite Cannon Galleon
53:37 Town Watch
54:29 Wheelbarrow
54:57 Two-Man Saw
57:01 Town Patrol
71:07 Demolition Ship
73:16 Heavy Demolition Ship
79:49 Pikeman
chen
11:15 Feudal Age
12:08 Double-Bit Axe
16:26 Horse Collar
20:25 Castle Age
24:02 Pikeman
25:49 Heavy Plow
29:23 Forging
35:16 Imperial Age
33:01 Bloodlines
34:34 Husbandry
35:36 Wheelbarrow
41:06 Crop Rotation
40:07 Cavalier
41:41 Iron Casting
41:11 Scale Barding Armor
42:03 Conscription
41:50 Squires
50:05 Blast Furnace
49:05 Scale Mail Armor
49:26 Chain Barding Armor
51:58 Chain Mail Armor
53:56 Hand Cart
53:39 Halberdier
58:25 Plate Mail Armor
58:30 Plate Barding Armor
59:04 Gambesons
59:45 Savar
Autumn
3:36 Loom
14:20 Feudal Age
14:50 Double-Bit Axe
15:19 Man-at-Arms
16:04 Fishing Lines
19:58 Castle Age
18:46 Forging
19:34 Horse Collar
22:16 Wheelbarrow
22:00 Squires
21:21 Long Swordsman
22:21 Bow Saw
22:37 Gold Mining
23:42 Scale Mail Armor
24:15 Pikeman
24:59 Horse Collar
27:28 Chain Mail Armor
29:30 Hand Cart
31:44 Iron Casting
34:22 Heavy Plow
37:37 Imperial Age
37:19 Fletching
37:25 Gillnets
39:33 Blast Furnace
41:22 Bodkin Arrow
41:52 Ballistics
41:39 Siege Engineers
42:36 Gold Shaft Mining
41:52 Stone Mining
41:46 Legionary
44:13 Conscription
45:12 Medium Warships
46:48 Heavy Warships
45:59 Heavy Scorpion
46:51 Ballistas
52:19 Chemistry
52:20 Padded Archer Armor
55:12 Demolition Ship
58:38 Shipwright
58:30 Clinker Construction
58:31 Careening
69:49 Scale Barding Armor
71:19 Light Cavalry
72:20 Bloodlines
72:12 Husbandry
74:03 Chain Barding Armor
77:26 Plate Barding Armor
Connection lost

Rejoining the realm…

Still unreachable

The connection could not be restored.

Session expired

The server has moved on; the page needs a fresh start.